 Dungeon Crawl Stone Soup version 0.31-a0-854-g362426d53f (webtiles) character file.

Game seed: 17668787294084360697

32 GilGalad the Ducker (level 3, -1/28 HPs)
             Began as a Demonspawn Gladiator on Oct 9, 2023.
             Slain by a gnoll
             ... wielding a +0 whip
              (3 damage)
             ... on level 1 of the Dungeon.
             The game lasted 00:01:58 (640 turns).

GilGalad the Ducker (Demonspawn Gladiator)           Turns: 640, Time: 00:01:59

Health: -1/28      AC:  4    Str: 22    XL:     3   Next: 8%
Magic:  3/3        EV: 12    Int:  9    God:
Gold:   55         SH:  0    Dex: 14    Spells: 2/2 levels left

rFire   . . .        a - +0 war axe
rCold   . . .        (no shield)
rNeg    . . .        b - +0 leather armour
rPois   .            c - +0 helmet
rElec   .            (no cloak)
rCorr   .            (no gloves)
SInv    .            (no boots)
Will    .....        (no amulet)
Stlth   +            j - +6 ring of strength
HPRegen 0.24/turn    (no ring)
MPRegen 0.16/turn

%: no passive effects
@: no status effects
A: powered by death 1, magic regeneration
a: no special abilities


You were on level 1 of the Dungeon.
You visited 1 branch of the dungeon, and saw 1 of its levels.

You collected 55 gold pieces.

Inventory:

Hand Weapons
 a - a +0 war axe (weapon)
Missiles
 d - 3 throwing nets (quivered)
 e - a javelin
 f - 3 datura-tipped darts
Armour
 b - a +0 leather armour (worn)
 c - a +0 helmet (worn)
Jewellery
 j - a +6 ring of strength (left hand)
Potions
 g - a potion of might {unknown}
 h - a potion of haste {unknown}
 i - a potion of curing {unknown}


   Skills:
 + Level 2.4 Fighting
 + Level 3.0 Axes
 + Level 2.2 Throwing
 + Level 3.0 Dodging


You had 2 spell levels left.
You didn't know any spells.
Your spell library was empty.

Dungeon Overview and Level Annotations

Branches:
Dungeon (1/15)

Altars:


Innate Abilities, Weirdness & Mutations

You regenerate a little health from kills.
You regenerate magic rapidly.


Message History

There are monsters nearby!
The bat closely misses you. The bat completely misses you.
Unknown command.
The bat closely misses you.
You miss the bat.
The gnoll shouts!
The bat barely misses you. The bat hits you but does no damage.
You hit the bat.
You kill the bat!
The gnoll misses you.
You hit the gnoll but do no damage. The gnoll barely misses you.
The gnoll hits you with a +0 whip.
You hit the gnoll.
The gnoll is lightly wounded.
The gnoll misses you.
You barely miss the gnoll.
The gnoll is lightly wounded.
The gnoll hits you with a +0 whip.
You hit the gnoll.
The gnoll is moderately wounded.
The gnoll barely misses you.
You hit the gnoll but do no damage.
The gnoll is moderately wounded.
The gnoll hits you with a +0 whip. The gnoll hits you with a +0 whip!
* * * LOW HITPOINT WARNING * * *
You are too injured to fight recklessly!
Sorry, you're not good enough to have a special ability.
You aren't carrying any scrolls.
You closely miss the gnoll.
The gnoll is moderately wounded.
The gnoll hits you with a +0 whip.
* * * LOW HITPOINT WARNING * * *
You closely miss the gnoll.
The gnoll is moderately wounded.
The gnoll hits you but does no damage. The gnoll barely misses you.
You hit the gnoll.
The gnoll is heavily wounded.
The gnoll hits you with a +0 whip.
You die...

.......##...............#
..#..#.##.##.######.###.#
#.#..#.##.##.### #.# #.#
..#..#.##.##...# #.# #.#
.##..#.##.####.####.# #.#
.....#.##.# #.#....# #.#
..........# #.#.#### #.#
.#.#.#..### #.#.# #.#
.#.#.#..# ##.#@# #.#
.#.#.#..#####..g.# #.#
..#.........>....######.#
.###.....####..†#....)..#
..#..#)..# ##.##..######
.#.#.#...# #.###.#
.###.#...# #.# #.#
.....#...# #.# #.#
######.... ..# #.#


You could see a gnoll.

Vanquished Creatures
  A dart slug (D:1)
  2 bats (D:1)
  4 endoplasms (D:1)
  A giant cockroach (D:1)
  3 goblins (D:1)
  3 hobgoblins (D:1)
  3 quokkas (D:1)
  3 ball pythons (D:1)
  3 kobolds (D:1)
  2 rats (D:1)
25 creatures vanquished.

Notes
Turn   | Place    | Note
-------+----------+-------------------------------------------
     0 | D:1      | GilGalad the Demonspawn Gladiator began the quest for the
                  | Orb.
     0 | D:1      | Reached XP level 1. HP: 16/16 MP: 1/1
   210 | D:1      | Gained mutation: You regenerate magic rapidly. [demonic
                  | ancestry]
   210 | D:1      | Reached XP level 2. HP: 4/22 MP: 2/2
   433 | D:1      | Noticed a golden eye
   436 | D:1      | Found a faded altar of an unknown god.
   437 | D:1      | Noticed a golden eye
   437 | D:1      | Noticed a shining eye
   437 | D:1      | Noticed a floating eye
   536 | D:1      | Gained mutation: You regenerate a little health from kills.
                  | [demonic ancestry]
   536 | D:1      | Reached XP level 3. HP: 28/28 MP: 3/3
   640 | D:1      | Slain by a gnoll

Illustrated notes

Levels and vault maps discovered:
D:1:      lightli_iron_boxes, layout_loops_ring,
          hellmonk_ecumenical_altar_watching_god

Skill      XL: |  1  2 |
---------------+-------+-----
Throwing       | 2 |  2.2
Dodging        | 3 |  3.0
Axes           | 3 |  3.0
Fighting       | |  2.4

Action                     || total
---------------------------++-------
  Melee: War axe           ||    70
   Stab: Sleeping          ||     1
 Armour: Leather armour    ||    43
  Dodge: Dodged            ||    52

Table legend: (Time is in decaauts)
 A = Elapsed time spent in this place.
 B = Non-inter-level travel time spent in this place.
 C = Inter-level travel time spent in this place.
 D = Time resting spent in this place.
 E = Time spent auto-exploring this place.
 F = Levels seen in this place.
 G = Mean time per level.
                   A        B        C        D        E       F      G
               +--------+--------+--------+--------+--------+-----+--------+
         Total |    664 |    664 |      0 |      0 |    483 |   1 |  664.0 |
       Dungeon |    664 |    664 |      0 |      0 |    483 |   1 |  664.0 |
               +--------+--------+--------+--------+--------+-----+--------+

Top non-repeatable levels by time:
     D:1: 664 daAuts
